 Dungeon Sprint DCSS version 0.20-a0-40-gb6e7b4f (webtiles) character file.

24 esc the Magician (level 2, -1/17 HPs)
             Began as a Deep Elf Fire Elementalist on Nov 11, 2016.
             Slain by an ogre
             ... wielding a cursed -1 giant club
              (18 damage)
             ... in the Dungeon (Sprint I: "Red Sonja").
             The game lasted 00:00:15 (84 turns).

esc the Magician (Deep Elf Fire Elementalist)         Turns: 84, Time: 00:00:16

Health: -1/17      AC:  2    Str:  5    XL:     2   Next: 79%
Magic:  7/9        EV: 14    Int: 19    God:
Gold:   0          SH:  0    Dex: 15    Spells: 1 memorised, 8 levels left

rFire  . . .     SeeInvis .     j - +0 club
rCold  . . .     Gourm    .     a - +0 robe
rNeg   . . .     Faith    .     (no shield)
rPois  .         Spirit   .     (no helmet)
rElec  .         Reflect  .     (no cloak)
rCorr  .         Harm     .     (no gloves)
MR     .....     NoTele   +     (no boots)
Stlth  ++........               (no amulet)
                                (no ring)
                                (no ring)

@: no status effects
A: no striking features
a: no special abilities


You were in the Dungeon.
You were not hungry.

You visited 1 branch

Inventory:

Hand Weapons
 j - a +0 club (weapon)
   (You took it off Ijyb in the Dungeon)
Armour
 a - a +0 robe (worn)
Scrolls
 i - a scroll of blinking {!r}
Potions
 d - a potion of curing
 e - a potion of heal wounds
 f - a potion of haste
 g - 2 potions of magic
 h - a potion of berserk rage {!q}
Books
 b - a book of Flames
Comestibles
 c - a bread ration {@e1}


   Skills:
 + Level 1.8 Fighting
 + Level 3.9 Dodging
 - Level 2.4 Stealth
 + Level 4.4 Spellcasting
 + Level 2.7 Conjurations
 + Level 4.2 Fire Magic


You had 8 spell levels left.
You knew the following spells:

 Your Spells              Type           Power        Failure   Level  Hunger
a - Flame Tongue          Conj/Fire      ###..        3%          1    None


Dungeon Overview and Level Annotations

Branches:
Dungeon (1/1)

Altars:


Message History

Welcome, esc the Deep Elf Fire Elementalist.
Found a staircase leading out of the dungeon.
You open the door.
Ijyb the Twisted Goblin comes into view.
She is wielding a club.
Aim: Ijyb, wielding a club (resting)
You miscast Flame Tongue.
You are very lightly contaminated with residual magic.
Nothing appears to happen.
Ijyb shouts!
You now have 5/6 mp.
Aim: Ijyb, wielding a club The flame tongue hits Ijyb.
You now have 4/6 mp.
Aim: Ijyb, wielding a club (lightly wounded)
The flame tongue hits Ijyb.
You now have 3/6 mp.
Aim: Ijyb, wielding a club (heavily wounded)
The flame tongue hits Ijyb.
Ijyb barely misses you.
You now have 2/6 mp.
Aim: Ijyb, wielding a club (almost dead)
The flame tongue hits Ijyb.
You kill Ijyb!
Your Fighting skill increases to level 1!
Your Dodging skill increases to level 3!
Your Spellcasting skill increases to level 4!
Your Conjurations skill increases to level 2!
Your Fire Magic skill increases to level 4!
You have reached level 2!
Health restored: 17 You now have 1/9 mp.
j - a club
There is an open door here.
Wield which item (- for none, * to show all)? (? for menu, Esc to quit)
j - a +0 club (weapon)
You start resting.
Your magical contamination has completely faded away.
You regained 2 mp, and now have 3/9 mp.
You start resting.
MP restored: 9 You open the door.
There is an open door here.
What are your orders? t - Shout!
Orders for allies: a - Attack new target. r - Retreat! s - Stop attacking. g - Guard the area. f - Follow me.
Anything else - Cancel.
You shout for attention!
You hear a shout!
An ogre comes into view. It is wielding a giant club.
Aim: an ogre, wielding a giant club The flame tongue hits the ogre.
You now have 8/9 mp.
Aim: an ogre, wielding a giant club (lightly wounded)
The flame tongue hits the ogre.
The ogre hits you with a giant club!!
Ouch! That really hurt!
You die...

##########
#<.#..'..#
#..@O.#
#..####
#..# #..#
#..# #⌠⌠#
####


You could see an ogre.

Vanquished Creatures
  Ijyb (D)
1 creature vanquished.

Notes
Turn   | Place    | Note
-------+----------+-------------------------------------------
     0 | D        | esc the Deep Elf Fire Elementalist began the quest for the Orb.
     0 | D        | Reached XP level 1. HP: 10/10 MP: 6/6
     1 | D        | Noticed Ijyb
     6 | D        | Killed Ijyb
     6 | D        | Reached skill level 1 in Fighting
     6 | D        | Reached skill level 3 in Dodging
     6 | D        | Reached skill level 4 in Spellcasting
     6 | D        | Reached skill level 2 in Conjurations
     6 | D        | Reached skill level 4 in Fire Magic
     6 | D        | Reached XP level 2. HP: 17/17 MP: 1/9
    81 | D        | Noticed an ogre
    84 | D        | Slain by an ogre

Vault maps used:
D:        dungeon_sprint_1

Skill      XL: |  1 |
---------------+----+-----
Fighting       | 1 |  1.8
Dodging        | 3 |  3.9
Spellcasting   | 4 |  4.4
Conjurations   | 2 |  2.7
Fire Magic     | 4 |  4.2
Stealth        | |  2.4

Action                   || total
-------------------------++-------
 Cast: Flame Tongue      ||     6
Dodge: Dodged            ||     1

Vault maps used:
D:        dungeon_sprint_1

Table legend:
 A = Turns spent in this place as a percentage of turns spent in the entire game.
 B = Non-inter-level travel turns spent in this place as a percentage of non-inter-level travel turns spent in the entire game.
 C = Inter-level travel turns spent in this place as a percentage of turns spent in this place.
 D = Turns resting spent in this place as a percentage of non-inter-level travel turns spent in this place.
 E = Turns spent auto-exploring this place as a percentage of non-inter-level travel turns spent in this place.
 F = Non-inter-level travel turns spent in this place divided by the number of levels of this place that you've seen.
                   A       B       C       D       E      F
               +-------+-------+-------+-------+-------+----------------------
         Total | 100.0 | 100.0 |   0.0 |  14.3 |   0.0 |  21.0
       Dungeon | 100.0 | 100.0 |   0.0 |  14.3 |   0.0 |  21.0
               +-------+-------+-------+-------+-------+----------------------

Table legend:
 A = Kills in this place as a percentage of kills in entire the game.
 B = Kills by you in this place as a percentage of kills by you in the entire game.
 C = Kills by friends in this place as a percentage of kills by friends in the entire game.
 D = Other kills in this place as a percentage of other kills in the entire game.
 E = Experience gained in this place as a percentage of experience gained in the entire game.
 F = Experience gained in this place divided by the number of levels of this place that you have seen.
                   A       B       C       D       E      F
               +-------+-------+-------+-------+-------+----------------------
         Total | 100.0 | 100.0 |  -nan |  -nan | 100.0 |  35.0
       Dungeon | 100.0 | 100.0 |  -nan |  -nan | 100.0 |  35.0
               +-------+-------+-------+-------+-------+----------------------
